[Event "Khanty-Mansiysk FIDE GP (Women)"]
[Site "Khanty-Mansiysk"]
[Date "2014.04.12"]
[Round "4"]
[White "Lagno, Kateryna"]
[Black "Hou, Yifan"]
[Result "1/2-1/2"]
[ECO "A62"]
[WhiteElo "2543"]
[BlackElo "2618"]
[Annotator "ChessBase Website"]
[PlyCount "48"]
[EventDate "2014.04.09"]
[EventType "tourn"]
[EventRounds "11"]
[EventCountry "RUS"]
[EventCategory "10"]
[SourceTitle "CBM 160"]
[Source "ChessBase"]
[SourceDate "2014.05.15"]
[SourceVersion "1"]
[SourceVersionDate "2014.05.15"]
[SourceQuality "1"]
[TimeControl "40/5400+30:1800+30"]
[WhiteClock "1:30:00"]
[BlackClock "1:30:00"]

1. d4 Nf6 2. c4 e6 3. g3 c5 4. d5 {[%emt 0:00:36]
Lagno's attempt to enter the Catalan turned into a Fianchetto Benoni, and not
one that favored White at all. Hou Yifan quickly sacrificed an exchange for
excellent compensation, and she might even have had the better practical
chances. However she protected her lead and repeated moves, leaving her half a
point ahead of Muzychuk.} exd5 5. cxd5 d6 6. Nc3 g6 7. Bg2 Bg7 8. Nf3 O-O 9. O-O Re8 10. Bf4 Ne4 11. Nxe4 Rxe4 12. Nd2 Rxf4 13. gxf4 Bxb2 14. Rb1 Bg7 15. e4 Na6 (15... Nd7 16. Qf3 b5 17. Rfe1 Ba6 18. Qa3 Bc8 19. Rxb5 Bh6 20. Qg3 Ba6
21. Rb3 Qf6 22. e5 Qxf4 23. Ne4 Nxe5 24. Ra3 Bb5 25. Nxd6 Bd3 26. Qxf4 Bxf4 27.
Nb7 c4 28. d6 Rc8 29. Rxe5 Bxe5 30. d7 Rb8 31. Rxd3 cxd3 32. d8=Q+ Rxd8 33.
Nxd8 d2 34. Bf3 Bd4 35. Nc6 Bc5 36. Kf1 Kg7 37. Na5 Kf6 38. Nb3 Bd6 39. h3 Ke5
40. Ke2 Bb4 41. Nxd2 Kd4 42. Bc6 Ke5 43. Nf3+ Kf4 44. Bd5 f5 45. Bg8 {Eljanov,
P (2723)-Sjugirov,S (2653) Yerevan 2014 1-0}) 16. Nc4 Rb8 17. a4 Nb4 18. Qf3 $146 (18. Re1 b6 19. e5 dxe5 20. Nxe5 Bf5 21. Rxb4 Bxe5 22. fxe5
cxb4 23. Qd4 a5 24. Qe3 Rc8 25. e6 fxe6 26. dxe6 Qd6 27. e7 Re8 28. h4 Kg7 29.
Bf3 h5 30. Kg2 Bc2 31. Qg5 b3 32. Qe3 Qf6 33. Qe2 Qxh4 34. Bc6 Rxe7 35. Qxe7+
Qxe7 36. Rxe7+ Kf6 37. Rb7 b2 38. Rxb6 b1=Q 39. Rxb1 Bxb1 40. f4 Bf5 41. Kg3 g5
42. fxg5+ Kxg5 43. Kf3 h4 44. Bb5 Be6 45. Bc6 Bc8 46. Bb5 Bb7+ 47. Kf2 Kf4 {
Cori Tello,J (2487)-Lupulescu,C (2614) Istanbul 2012 0-1}) 18... b6 19. Rbc1 Ba6 20. Rfe1 Na2 21. Rc2 Nb4 22. Rcc1 Na2 23. Rc2 Nb4 24. Rcc1 Na2 1/2-1/2

[Event "Hastings Masters op 86th"]
[Site "Hastings"]
[Date "2011.01.02"]
[Round "6"]
[White "Howell, David"]
[Black "Edouard, Romain"]
[Result "0-1"]
[ECO "A62"]
[WhiteElo "2616"]
[BlackElo "2634"]
[Annotator "Edouard,R"]
[PlyCount "58"]
[EventDate "2010.12.28"]
[EventType "swiss"]
[EventRounds "9"]
[EventCountry "ENG"]
[SourceTitle "CBM 140"]
[Source "ChessBase"]
[SourceDate "2011.01.18"]
[SourceVersion "1"]
[SourceVersionDate "2011.01.18"]
[SourceQuality "1"]
[TimeControl "40/6000+30:20/3000+30:900+30"]

{After a rather slow start (2/3) I was back on board 1 (with 4/5) facing David
Howell, leading the tournament with maximum points.} 1. d4 Nf6 2. c4 e6 3. g3 {
Ok, g3 has been played... I decide to try a Benoni!} c5 4. d5 exd5 5. cxd5 d6
6. Nc3 g6 7. Bg2 Bg7 8. Nf3 O-O 9. O-O Nbd7 (9... Re8 {is the main -and
probably most clever- move order.}) 10. a4 b6 11. h3 Qe7 (11... Re8 {might be
better: I thought} 12. Bf4 {was annoying, but after} (12. Nd2 $5) 12... Ne4 $1
(12... Ba6 $5) 13. Nxe4 Rxe4 14. Bxd6 Ba6 15. Re1 Bxb2 16. Ra2 Nf6 {it looks
like Black is alright.}) 12. Re1 Ne4 $1 {It is important to exchange one pair
of knights before White can go e4. Otherwise my position will be stifled.} 13.
Nxe4 Qxe4 14. Bf4 Qe7 (14... Bxb2 $6 15. Bxd6 (15. Rb1 $5 Bc3 16. Bxd6 Re8 17.
Nd2 Qd4 18. Bf4 Ba6 19. e4 $36) 15... Bxa1 16. Qxa1 Re8 17. Bf4 {seemed very
dangerous for Black to me.}) 15. e4 Ne5 ({After} 15... Bxb2 16. Rb1 {I didn't
like any of the following lines:} (16. e5 $2 Nxe5 17. Nxe5 dxe5 18. d6 Qf6 19.
Bh6 Be6 $19) 16... Bg7 (16... Bc3 17. Re3 Be5 18. Nxe5 Nxe5 19. Bh6 Re8 20. f4 Nc4 21. Re1 $44) (16... Be5 17. Nxe5 dxe5 18. Bh6 Rd8 19.
Bf1 $44) 17. e5 Nxe5 18. Nxe5 dxe5 19. d6 Qd8 20. Bxe5 Bxe5 21. Rxe5 $14 {
However, this might just hold.}) 16. Nxe5 Bxe5 17. Qd2 Re8 (17... Bxf4 $5 18.
Qxf4 f6 19. Qd2 Re8 {is given = by the computer. Indeed, Black is very solid.
It's not easy to see how White will breakthrough.}) 18. Ra3 $6 {The start of a
too optimistic and dubious plan.} (18. Bxe5 {was necessary, and I was aiming
to play} dxe5 19. Bf1 Bd7 {and in my opinon, White has no advantage here, even
though the computer disagrees due to the d5-passed pawn. I was thinking I
would put my queen on d6 and then sooner or later play either ...a6-...b5 or ..
.f5. Maybe White is slightly better, but I believe it is rather easy to play
for Black.}) 18... Bd7 19. b4 $6 {Once again too optimistic!} Bxf4 20. gxf4 Qf6
$1 21. Rb1 {An attack in the center would be kind of inneficient, so David
tries to find counterplay on the other part of the board...} (21. bxc5 bxc5 22.
Rf3 (22. Qe3 Rab8 23. e5 Qf5 24. Be4 Qh5 $17) 22... Rab8 23. e5 Qf5 $17) 21...
cxb4 22. Rxb4 Rac8 23. a5 b5 24. a6 Rc4 $2 {A tempting move, especially when
my opponent starts to lack time. However, this leaves White escape with some
kind of draw!} (24... Rc5 $15 {/-/+}) 25. Rxc4 {(=)} bxc4 26. Kh2 $2 {A bad
square, as the f4-pawn will be hanging with check.} (26. Qb4 $1 {would
equalize. A hard move to find in time trouble in my opinion!} Qxf4 (26... Rc8
$2 27. Qb7 Rc5 28. e5 $1 $18) 27. Rc3 $1 {and White escapes.} (27. Qxc4 $2 Rc8
$19)) 26... Bb5 $1 27. Ra5 $2 (27. Kg3 $1 {was the only way to justify 26.Kh2,
and after} Rc8 28. Qc3 {White is not losing at once.}) 27... c3 28. Qe3 c2 $1
29. Rxb5 $2 (29. e5 Bd3 (29... Bd7 $5) 30. Ra3 dxe5 31. Rxd3 Rc8 32. fxe5 Qf5
$19) 29... Qa1 {And my c-pawn queens. A very important victory for me!} 0-1

[Event "ROM-chT"]
[Site "Predeal"]
[Date "2007.10.15"]
[Round "3"]
[White "Gleizerov, Evgeny"]
[Black "Marin, Mihail"]
[Result "1/2-1/2"]
[ECO "A62"]
[WhiteElo "2552"]
[BlackElo "2551"]
[Annotator "Marin,M"]
[PlyCount "59"]
[EventDate "2007.10.13"]
[EventType "team"]
[EventRounds "9"]
[EventCountry "ROU"]
[SourceTitle "CBM 121"]
[Source "ChessBase"]
[SourceDate "2007.11.14"]
[SourceVersion "1"]
[SourceVersionDate "2007.11.14"]
[SourceQuality "1"]
[TimeControl "5400"]
[WhiteClock "0:00:14"]
[BlackClock "0:00:07"]

1. d4 Nf6 2. c4 e6 3. g3 c5 4. d5 exd5 5. cxd5 d6 6. Nc3 g6 7. Nf3 Bg7 8. Bg2
O-O 9. O-O Re8 10. Bf4 Na6 {This is some sort of continuation of the
theoretical dispute initiated at the previous edition of the Romanian team
championship, in the game between the same two players.} ({For} 10... a6 11. a4
Ne4 {see Aronian,L (2759)-Carlsen,M (2693)/Elista 2007/CBM 119/[Marin,M] (1-0,
66)}) 11. Re1 $1 ({More consistent than} 11. Nd2 $6 Nh5 12. Be3 {when the
bishop is exposed to an unpleasant exchange sacrifice.} Nc7 13. a4 b6 14. Rc1
Rxe3 15. fxe3 Qe7 16. e4 {1/2-1/2 Gleizerov,E (2560)-Marin,M (2552)/Romanian
team ch Predeal 2006.}) 11... Bf5 $146 {This new move is a mixture between
home preparation and improvisation. During the championship, I had problems
with my laptop, which developed the irritating habit of rebooting quite
frequently. I must confess that I "designed" my novelty like I used to do it
20 years ago: by moving pieces around on the wooden board exclusively.} ({
Before the present game, my laptop stayed on just the sufficient amount of
time to allow me understand that Gleizerov had some recent experience after} 
11... Bg4 12. h3 ({Again, the knight retreat} 12. Nd2 {is premature:} Nh5 13.
Be3 Rxe3 14. fxe3 Qe7 15. Nf1 {1/2-1/2 Gleizerov,E (2564)-Cvitan,O (2527)/
Zadar 2005/CBM 109 ext. If we take into account our previous game, we can
conclude that Gleizerov cannot stand to have this structure for more than a
couple of moves. I can understand him perfectly!}) 12... Bxf3 13. Bxf3 Qd7 {
By the time I had studied 10...Na6, this was supposed to be OK for Black, but
somehow the following games show that White is on the top, still.} 14. e4 (14.
a4 {looks innocent, but even here Black is under some long term pressure.} Nb4
15. Kg2 a6 16. Qd2 Qe7 17. e4 Nd7 18. Be2 Rac8 19. Bg5 Bf6 20. Be3 Bd4 21. Bg4
Bxe3 22. Rxe3 Ne5 23. Qe2 Nxg4 24. hxg4 {Gleizerov,E (2560)-Lindberg,B (2428)/
Stockholm 2007/CBM 116 ext (1/2-1/2, 47). Black is in no immediate danger, but
White's advantage in space cannot be challenged easily.}) 14... Rad8 15. Kg2 c4
16. b3 $1 {A strong novelty. White immediately undermines Black's queenside
advantage in space.} (16. Be3 Nb4 17. Bxa7 Nd3 18. Re2 b5 $132 {Adorjan,A 
(2520)-Romanishin,O (2525)/Debrecen 1990/CBM 020 (0-1, 47)}) 16... Nh5 $6 (
16... b5 17. bxc4 bxc4 {is critical, but I did not like the fact that most of
Black's pieces are "frozen", while the a6-knight alone is supposed to generate
the whole counterplay. Maybe I was wrong, but further praxis is needed here.})
17. Bd2 Nc5 18. bxc4 $16 {Gleizerov,E (2559)-Stolte,A (2191)/Predeal 2007/TWIC
670 (1-0, 32)}) ({With the queen's knight developed already, Black can
consider the standard operation} 11... Ne4 12. Nxe4 Rxe4 {There is just one
problem: in this situation, the knight is better on the route d7-e5; on a6, it
might just remain out of the game.} 13. Nd2 Rd4 {is more consistent,
resttricting the enemy knight's activity to some extent.} (13... Rxf4 14. gxf4
Bxb2 {1/2-1/2 Lalic,B (2500)-Davies,N (2470)/Vrsac 1989/CBM 015  is not a very
relevant example.}) (13... Re8 $6 {is too passive, allowing} 14. Nc4 $1 g5 (
14... Bf8 15. a4 Nb4 16. e4 $14 {Hansen,T (2393)-Coclet,O (2357)/ICCF Email
2001/Corr 2004 (1-0, 38)}) 15. Bd2 $1 $14 (15. Bc1 b5 16. Nd2 c4 $132 {
Falconnier,M-Gereben,E/Thun SM 1976 (0-1, 35)}) 15... b5 $2 16. Na5 $16) 14. a3
{Mechanically restricting the a6-knight and the rook, but weakening the a-pawn.
} ({I would be afraid of} 14. Be3 Rb4 15. b3 $5 $44 {when the a6-knight is
quite far from the f6-square in case Black accepts the exchange sacrifice.})
14... Rxf4 $5 {This way, the rook will not be trapped.} 15. gxf4 Bxb2 16. Ra2 (
16. Ne4 {The knight has litle to do here.} Nc7 17. Ra2 Bg7 18. a4 b6 19. Qb3
Rb8 20. Nd2 a6 $44 {De Mauro,J (2555)-Osterman,G (2595)/John F Cleeve mem 1996/
Corr 2002 (1/2-1/2, 51). The queenside pawns will be an important factor in
the future, while White's kingside attack has not even started yet.}) 16... Bg7
17. e4 b5 18. e5 Bf5 19. Nf3 Nc7 20. exd6 Ne8 21. d7 Nd6 22. Ne5 {1/2-1/2
Gleizerov,E (2555)-Moskalenko,V (2555)/Alushta 1993/CBM 036. Same symptom.
Exchange sacrifice + chronic kingside weaknesses -> draw agreed. Both sides
enjoy high stability and the position might be just equal. Personally, I like
Black's passed pawns.} Bxd7 23. Rae2 c4 $44) 12. Nh4 Bg4 ({I am proud about
having spotted that} 12... Bd7 $2 13. Bxd6 g5 14. Nf3 Qb6 15. Be5 g4 {fails to}
16. Nd2 $3 $16 {, without the necessity of the previous capture on f6.} Rxe5 $2
17. Nc4 Qc7 18. d6 $18) 13. h3 $1 ({I mainly focused on the developing move} 
13. Qd2 {, when Black seems to be OK.}) 13... Nh5 $5 {This was my intended
trick.} (13... Bc8 14. e4 $14) 14. hxg4 (14. Bd2 Bd7 $13) (14. Nxg6 Bxh3 15.
Bxh3 hxg6 $13) 14... Nxf4 15. Bf1 $1 {[%csl Rf4][%cal Ge2e3] Oops! I had
missed that! White simply threatens to win a piece with e3. My pleasant state
of mind dissapeared instantly. Black is fighting for his life now.} Nc7 $8 (
15... Qg5 $2 16. e3 Bxc3 17. bxc3 Nxd5 18. Nf3 $18) (15... Nb4 16. e3 Bxc3 17.
bxc3 $16 {פb4, Nf4}) 16. e4 (16. e3 $2 Bxc3 17. bxc3 Nfxd5 $15) 16... h5 17.
Qf3 (17. g5 $5 Qxg5 18. Qc1 $1 (18. Nf3 Qg4 $15) 18... Qd8 (18... Be5 19. Nf3
Qg4 20. Nxe5 dxe5 21. Kh2 $16) 19. Nf3 Nfxd5 20. exd5 (20. Nxd5 Nxd5 21. exd5
Qf6 $44) 20... Rxe1 21. Qxe1 Bxc3 22. Qxc3 Nxd5 $14) 17... Bh6 (17... hxg4 18.
Qxf4 g5 19. Qxg4 gxh4 20. gxh4 $40) (17... Be5 18. gxf4 Bxc3 19. bxc3 Qxh4 20.
gxh5 $16 {פc7}) 18. Rad1 $1 $16 {I very much enjoyed Gleizerov's simple and
strong play. White is so well centralized that he can keep the threat to win
the knight in reserve. As the game advances, however, the choices between
tempting continuations on each step eventually confused him and I managed to
escape from deep water.} (18. Qh1 hxg4 19. gxf4 Bxf4 20. Ng2 Be5 $44) 18... Rb8
(18... hxg4 19. Qxg4 Nh5 20. Nxg6 $1 $18) ({During the game I blamed myself
for not having played} 18... a6 {, which takes the b5-square under control.
However, this move would have had the psychological drawback of restricting
White's choices and practically forcing him to continue with} 19. e5 $1 $36
dxe5 (19... Rxe5 20. Rxe5 dxe5 21. Qh1 $5 {פf4}) 20. d6 (20. Ne4 {Gleizerov}
Nb5 $1 $132) 20... Nce6 21. d7 Rf8 22. gxh5 Nxh5 23. Bc4 Nd4 24. Qe4 $16) 19.
Nb5 $6 {The theoretical drawback of this move is that it exchanges one pair of
pieces, something that the side with an advantage it space should avoid.} (19.
Qh1 hxg4 20. gxf4 Bxf4 21. Ng2 Be5 $44) (19. e5 $1 $36) 19... Nxb5 20. Bxb5 $14
Rf8 (20... Nh3+ 21. Kg2 Ng5 22. Qf4 $16) 21. e5 $1 Nh3+ {The knight has stayed
for 7 moves under attack by the g3-pawn...} 22. Kg2 Ng5 23. Qd3 hxg4 (23...
dxe5 24. Rxe5 (24. gxh5 e4 $13) 24... Qd6 25. f4 $36) 24. e6 Qe7 (24... Qf6 25.
e7 Rfe8 26. Qe2 $1 $16) 25. Qe2 $1 {קg4} Nf3 $8 26. Nxf3 gxf3+ 27. Qxf3 fxe6
28. Rxe6 $1 (28. Qg4 e5 29. Qxg6+ Bg7 30. Qe6+ (30. Bd3 Rf6 $11) 30... Rf7 $11)
28... Rxf3 29. Rxe7 Rbf8 {My opponent had missed this simple move. He was so
disappointed that after} 30. Rf1 $14 {he offered a draw.} ({In fact, White
keeps some advantage still:} 30. Rf1 R3f7 ({He had missed that} 30... Bg7 $2 {
is basically losing to} 31. Bd7 $1 $40) 31. Re6 Rf6 32. f4 Bg7 33. Bd7 g5 $14 {
Having reached some stability on the dark squares, Black should survive here.})
1/2-1/2

[Event "Plancoet op-A 10th"]
[Site "Plancoet"]
[Date "2013.07.30"]
[Round "3"]
[White "Meng, Roger"]
[Black "Lintchevski, Daniil"]
[Result "0-1"]
[ECO "A62"]
[WhiteElo "2307"]
[BlackElo "2559"]
[Annotator "RR"]
[PlyCount "86"]
[EventDate "2013.07.28"]
[EventType "swiss"]
[EventRounds "9"]
[EventCountry "FRA"]
[SourceTitle "EXT 2017"]
[Source "ChessBase"]
[SourceDate "2016.10.25"]
[SourceVersion "1"]
[SourceVersionDate "2016.10.25"]
[SourceQuality "1"]
[TimeControl "40/5400+30:1800+30"]

1. d4 Nf6 2. Nf3 e6 3. c4 c5 4. d5 d6 5. Nc3 exd5 6. cxd5 g6 7. g3 Bg7 8. Bg2
O-O 9. O-O Re8 10. Bf4 (10. Nd2) 10... Na6 11. Nd2 Nh5 12. Be3 Nc7 (12... Rxe3
13. fxe3 Qe7 14. e4 Bd7 15. Qb3 Rb8 16. Bf3 Nf6 17. Nd1 h5 18. Nf2 b5 19. Qa3
Rb6 20. Qb3 c4 21. Qd1 Nc5 22. Qc2 h4 23. Kg2 g5 24. g4 Nh7 25. Rac1 Nf8 26. b4
Na4 27. e5 Qxe5 28. Be4 Nc3 29. Nf3 Qf4 30. e3 Qf6 31. Rce1 Ra6 32. Nd4 Nxa2
33. Nh3 Qe7 34. Nc6 Bxc6 35. dxc6 Nxb4 36. Qb1 d5 37. c7 Rc6 38. Bh7+ Nxh7 39.
Qf5 Rxc7 40. Qxh7+ Kxh7 {0-1 (40) Mamedyarov,S (2753)-Morozevich,A (2760)
Moscow 2013}) 13. a4 b6 14. Nc4 Ba6 15. Na3 Qd7 ({RR} 15... Rxe3 16. fxe3 Qe7
17. Nc2 Nf6 18. e4 h5 19. Ra3 Nd7 20. b4 Ne5 21. bxc5 bxc5 22. Rb3 Nc4 23. Qe1
Qd7 24. Rf3 Re8 25. Na3 Nxa3 26. Rxa3 Rb8 27. e3 Qe7 28. Rf2 Bd3 29. Qd1 c4 30.
Bf1 {Pham Minh Hoang (2466)-Roser,K (2433) France 2010 1-0 (77)}) 16. Bf3 $146
(16. Qc2 Re7 17. Rfe1 Rae8 18. Bf3 Nf6 19. Bf4 h6 20. Rad1 g5 21. Bc1 Ng4 22.
b3 Ne5 23. Bg2 f5 24. Bb2 g4 25. Qb1 h5 26. Nc2 h4 27. Ne3 Rf8 28. Nf1 Qe8 29.
gxh4 Ng6 30. e3 Nxh4 31. Ng3 Be5 32. Nce2 Bxe2 33. Rxe2 Rh7 34. Bxe5 Qxe5 35.
Qb2 Qe7 36. Rc2 Nf3+ 37. Bxf3 gxf3 38. Rc4 f4 39. Rxf4 Rxf4 40. exf4 Qh4 {
0-1 (40) Birnboim,N (2430)-Suba,M (2545) Beersheba 1986}) 16... Re5 17. Qb3
Rae8 18. Ncb5 (18. Nc4) 18... Bxb5 19. axb5 Rxe3 $1 {Les Blancs
menaçaient de jouer Nc4 chassant la R tout en protégeant le Be3} 20. fxe3
Rxe3 21. Qa4 (21. Qxe3 Bd4 ) 21... Bxb2 $36 22. Ra2 Bxa3 23.
Rxa3 Rxa3 24. Qxa3 Nxb5 25. Qa4 Nf6 26. e3 Nd4 $1 27. Bd1 Qxa4 (27... Ne2+ 28. Kg2 Qxa4 29. Bxa4 Kg7 ) 28. Bxa4 Ne2+ 29. Kf2 Nc3 30. Bc6 Kf8 31. Ke1 Ke7 32. Kd2
Ncxd5 33. Bb5 Nc7 $19 34. Bd3 b5 35. Ra1 a6 36. e4 Nd7 37.
Kc3 Ne5 38. Be2 Kd7 39. h4 Kc6 40. h5 Kb6 41. h6 a5 42. Rd1 Kc6 43. Ra1 a4 0-1

[Event "Tata Steel-B 79th"]
[Site "Wijk aan Zee"]
[Date "2017.01.24"]
[Round "9"]
[White "Xiong, Jeffery"]
[Black "Jones, Gawain C B"]
[Result "1-0"]
[ECO "A62"]
[WhiteElo "2667"]
[BlackElo "2665"]
[Annotator "Ramirez Alvarez,A"]
[PlyCount "109"]
[EventDate "2017.01.14"]
[EventType "tourn"]
[EventRounds "13"]
[EventCountry "NED"]
[EventCategory "14"]
[SourceTitle "CBM 177"]
[Source "ChessBase"]
[SourceDate "2017.03.16"]
[SourceVersion "1"]
[SourceVersionDate "2017.03.16"]
[SourceQuality "1"]
[TimeControl "40/6000+30:20/3000+30:900+30"]

1. d4 Nf6 2. c4 g6 3. Nc3 Bg7 4. g3 O-O 5. Bg2 d6 6. Nf3 c5 7. d5 e6 8. O-O exd5 9. cxd5 Re8 10. Re1 Ne4 11. Nxe4 Rxe4 12. Qc2 Bf5 $146 (12...
Re8 13. Bg5 Qb6 14. Rab1 Nd7 15. Qa4 h6 16. Bf4 g5 17. Bd2 Nf6 18. e4 Bd7 19.
Qc2 Qd8 20. b4 Rc8 21. bxc5 Rxc5 22. Qd3 Qc8 23. Bb4 Bb5 24. Qb3 Bc4 25. Qa3
Nxe4 26. Bxc5 dxc5 27. Ne5 Bxe5 28. Bxe4 a6 29. Qf3 g4 30. Bh7+ Kf8 31. Qe3 Bg7
32. Qf4 {1-0 (32) Lei,T (2444)-Gomes,M (2354) Chengdu 2015}) 13. Bh3 Na6 14. Bxf5 gxf5 15. Ng5 Re5 16. Bf4 Nb4 17. Qb3 a5 18. a3 a4 19. Qc4 b5 20.
Qxb5 Nc2 21. Bxe5 dxe5 22. Qb7 Qe8 23. Nxf7 Rb8 24. Qc7 Rc8 25. Qb7 Rb8 26. Qc7 Rc8 27. Nd6 Rxc7 28. Nxe8 Rd7 29. Nxg7 Kxg7 30. Kf1 Nxa1 31. Rxa1 Rxd5 32. Rc1 Rd2 33. Rxc5 Kf6 34. Rc6+ Kg5 35. Rb6 Rc2 36. f3 f4 37. h4+ Kh5 38. gxf4 exf4 39. Rb4 Kxh4 40. Rxf4+ Kg3 41. Rg4+ Kh3 42. Rxa4 Rxb2 43.
Kf2 h5 44. Ra8 h4 45. a4 Kh2 46. a5 Rb7 47. Rh8 h3 48. Rh4 Rb1 49. Ra4 $4 (49. a6 Ra1 50. Rh6 {and just
pushing the f-pawn wins.} Ra4 51. Rb6 Kh1 (51... Ra3 52. f4 Ra4 53. e3 Ra2+ 54.
Kf3 $18) 52. Kg3) 49... Kh1 $4 (49... Rg1 $1 50. a6 Ra1 $1 {A nice stalemate
trick.} 51. Rd4 Rxa6 52. f4 Rg6 {and in this line Black can extract his king
from h2 and draw.}) (49... Ra1 50. Rd4 Rxa5 (50... Rg1 $1 51. a6 Rg2+ 52. Ke3
Rg6 53. Ra4 Kg3 54. a7 h2 55. a8=Q h1=Q {with a likely draw as White can't use
his extra tempo.}) 51. f4 {also makes White's life more complicated, but
should be winning.}) 50. a6 h2 51. a7 Rf1+ 52. Ke3 Kg2 53. Rg4+ Kh1 54. a8=Q
Rxf3+ 55. Qxf3# 1-0